 Dungeon Crawl Stone Soup version 0.20.1-1-g8b1a95d (webtiles) character file.

158 BingusPrime the Sneak (level 5, -2/38 HPs)
             Began as a Vampire Assassin on Nov 27, 2017.
             Slain by a gnoll
             ... wielding a +0 spear
              (8 damage)
             ... on level 4 of the Dungeon.
             The game lasted 00:21:47 (4205 turns).

BingusPrime the Sneak (Vampire Assassin)            Turns: 4205, Time: 00:21:48

Health: -2/38      AC:  0    Str: 10    XL:     5   Next: 16%
Magic:  3/5        EV: 20    Int: 13    God:
Gold:   134        SH:  0    Dex: 22    Spells: 4/4 levels left

rFire    . . .     SeeInvis +   (weapon currently unavailable)
rCold    + . .     Gourm    .   (shield currently unavailable)
rNeg     + + .     Faith    .   (armour currently unavailable)
rPois    +         Spirit   .   (helmet currently unavailable)
rElec    .         Reflect  .   (cloak currently unavailable)
rCorr    .         Harm     .   (gloves currently unavailable)
MR       .....                  (boots currently unavailable)
Stlth    ++++++....             y - amulet of regeneration
Regen    0.3/turn               (ring currently unavailable)
MPRegen  0.1/turn               (ring currently unavailable)

@: bat-form, flying, regenerating slowly, very quick
A: fangs 3, see invisible
a: End Transformation


You were on level 4 of the Dungeon.
You were very thirsty.
You were in vampire-bat-form.
You visited 1 branch of the dungeon, and saw 4 of its levels.

You collected 134 gold pieces.

Inventory:

Hand Weapons
 a - a +2 dagger
 b - a +0 blowgun (melded)
 k - a +2 dagger of holy wrath
Missiles
 e - 19 poisoned needles
 f - 2 curare-tipped needles
Armour
 c - a +0 robe
 d - a +0 cloak (melded)
 o - a +2 robe of the Archmagi (melded)
Jewellery
 h - a ring of protection from cold (melded)
 j - a ring of flight (melded)
 v - a cursed amulet of inaccuracy
 y - an amulet of regeneration (around neck)
 A - an uncursed amulet of magic regeneration
Scrolls
 m - 2 scrolls of teleportation
 n - 9 scrolls of remove curse
 p - a scroll of enchant weapon {unknown}
 q - 2 scrolls of identify
 s - 2 scrolls of enchant armour {unknown}
 t - a scroll of fear
 u - a scroll of noise {unknown}
Potions
 g - 5 potions of blood
 i - a potion of agility {unknown}
 l - a potion of curing
 r - a potion of flight {unknown}
 w - a potion of haste {unknown}
 x - a potion of magic {unknown}
 z - a potion of heal wounds {unknown}


   Skills:
 + Level 2.2 Fighting
 + Level 3.5 Short Blades
 + Level 1.8 Throwing
 + Level 2.1 Dodging
 + Level 7.8 Stealth


You had 4 spell levels left.
You didn't know any spells.

Dungeon Overview and Level Annotations

Branches:
Dungeon (4/15)
 Temple: D:4-7

Altars:
Nemelex Xobeh

Annotations:
D:3 Sigmund


Innate Abilities, Weirdness & Mutations

You heal slowly.
You have razor-sharp teeth.
You have supernaturally acute eyesight. (SInv)
((You can survive without breathing.))


Message History

The gnoll is moderately wounded.
The gnoll closely misses you. The gnoll closely misses you.
The gnoll hits you but does no damage. The gnoll hits you but does no damage.
The gnoll hits you from afar with a spear.
The gnoll hits you from afar with a spear.
The gnoll hits you but does no damage. The gnoll hits you with a spear!
The gnoll hits you from afar with a spear.
* * * LOW HITPOINT WARNING * * *
You turn into a vampire bat.
Your +0 blowgun melds into your body.
Your +0 cloak melds into your body.
Your +2 robe of the Archmagi melds into your body.
Your ring of protection from cold melds into your body.
Your ring of flight melds into your body.
You feel strangely numb. The gnoll completely misses you.
The gnoll hits you from afar with a spear.
* * * LOW HITPOINT WARNING * * *
The gnoll hits you from afar with a spear!
You die...

#.######## #......#
..##.....# ##<.....#
##.##.....# #.......#
..##.....# #<......#
####.....####.##[#.## .
#..........##.#.#
.#########.#......##^#.#
g.#.g.# #.......(.....#
Zgg.#.# ###..ggb###.###
.g###g# ###..g..# #.# .#
#.# ##.###.### #g# #
#.###...##.#####.#
#(..Z....#..g....#### #
###g..g..Z.####.#...# #
##.....### ##.##.## #
##...## #.#...########
##.## #.#...........


You could see 3 gnolls.

Vanquished Creatures
  A bullfrog skeleton (D:4)
  A hound skeleton (D:4)
  2 gnolls (D:3)
  An adder (D:2)
  An ooze (D:3)
  4 worms
  2 dart slugs
  4 leopard geckos
  An orc (D:3)
  5 giant cockroaches
  5 goblins
  11 hobgoblins
  3 jackals (D:1)
  7 kobolds
  2 quokkas
  A ball python (D:2)
  6 bats
  7 rats
64 creatures vanquished.

Notes
Turn   | Place    | Note
-------+----------+-------------------------------------------
     0 | D:1      | BingusPrime the Vampire Assassin began the quest for the Orb.
     0 | D:1      | Reached XP level 1. HP: 16/16 MP: 1/1
    11 | D:1      | Reached skill level 6 in Stealth
   320 | D:1      | Reached XP level 2. HP: 22/22 MP: 2/2
   701 | D:1      | Reached XP level 3. HP: 23/27 MP: 3/3
   947 | D:1      | Reached skill level 7 in Stealth
  1619 | D:2      | Found a sparkling altar of Nemelex Xobeh.
  1712 | D:3      | Reached XP level 4. HP: 30/33 MP: 4/4
  2219 | D:3      | Noticed Sigmund
  2756 | D:3      | Noticed an ogre
  3702 | D:4      | Reached XP level 5. HP: 23/38 MP: 5/5
  4205 | D:4      | Slain by a gnoll

Skill      XL: |  1  2  3  4 |
---------------+-------------+-----
Stealth        | 6 7 |  7.8
Fighting       | 2 |  2.2
Dodging        | 2 |  2.1
Short Blades   | 3 |  3.5
Throwing       | |  1.8

Action                   |  1- 3 |  4- 6 || total
-------------------------+-------+-------++-------
Melee: Dagger            |   113 |    87 ||   200
       Bite              |    12 |     4 ||    16
       Unarmed           |       |     2 ||     2
 Fire: Blowgun           |     3 |    11 ||    14
 Abil: Bat Form          |     1 |     4 ||     5
       End Transformatio |     1 |     3 ||     4
  Use: Scroll            |     6 |     6 ||    12
       Potion            |     1 |     5 ||     6
 Stab: Sleeping          |    16 |     2 ||    18
Armor: Robe              |    19 |    29 ||    48
Dodge: Dodged            |    61 |    89 ||   150
